HSSL
TACOMA HS TORCHMEN @ OVERLAND PARK HS TRIPLETS
04/02/2026
 
TOP OF THE 1ST
Tacoma HS Torchmen batting - Pitching for Overland Park HS Triplets : RHP Danny Anderson
Pitching: RHP Danny Anderson
Batting: RHB Cristián Ortega 0-0: SINGLE (Flyball, 89S)
Batting: RHB Dexter Wooten 0-0: Ball
1-0: Called Strike
1-1: Fly out, F7 (Flyball, 7D)
Batting: LHB Larry Estes 0-0: Ball
1-0: Called Strike
1-1: Ball
2-1: Foul Ball, location: 2F
2-2: Foul Ball, location: 2F
2-2: Strikes out swinging
Batting: RHB Millard Ferguson 0-0: Ball
1-0: Ground out 5-3 (Groundball, 5S)
Top of the 1st over - 0 run(s), 1 hit(s), 0 error(s), 1 left on base; Tacoma HS 0 - Overland Park HS 0
BOTTOM OF THE 1ST
Overland Park HS Triplets batting - Pitching for Tacoma HS Torchmen : RHP Miguel De La Parra
Pitching: RHP Miguel De La Parra
Batting: LHB John Washington 0-0: Called Strike
0-1: Ball
1-1: Foul Ball, location: 2F
1-2: Ball
2-2: Foul Ball, location: 2F
2-2: Strikes out swinging
Batting: RHB Ben Simpson 0-0: Called Strike
0-1: Called Strike
0-2: Ball
1-2: Foul Ball, location: 2F
1-2: Foul Ball, location: 2F
1-2: Ball
2-2: Ball
3-2: Base on Balls
Batting: RHB Manuel Espinosa 0-0: Foul Ball, location: 2F
0-1: Ball
1-1: Called Strike
1-2: Fly out, F4 (Popup, 3L)
Batting: RHB Edgardo Morales 0-0: Called Strike
0-1: Called Strike
0-2: Ball
Ben Simpson is caught stealing 2nd base
Bottom of the 1st over - 0 run(s), 0 hit(s), 0 error(s), 0 left on base; Tacoma HS 0 - Overland Park HS 0
TOP OF THE 2ND
Tacoma HS Torchmen batting - Pitching for Overland Park HS Triplets : RHP Danny Anderson
Batting: RHB Harold Allen 0-0: Ball
1-0: Called Strike
1-1: Ball
2-1: Called Strike
2-2: Ball
3-2: Base on Balls
Batting: RHB Ray Bray 0-0: Ball
1-0: Foul Ball, location: 2F
1-1: Ball
2-1: Called Strike
2-2: Foul Ball, location: 2F
2-2: Ball
3-2: Fly out, F8 (Flyball, 8LS)
Batting: RHB Edison Jones 0-0: Ball
1-0: Foul Ball, location: 2F
1-1: Foul Ball, location: 2F
1-2: Foul Ball, location: 2F
1-2: Strikes out looking
Batting: RHB Dave MacGruder 0-0: Fielders Choice at 2nd, U6 (Groundball, 6M)
Top of the 2nd over - 0 run(s), 0 hit(s), 0 error(s), 1 left on base; Tacoma HS 0 - Overland Park HS 0
BOTTOM OF THE 2ND
Overland Park HS Triplets batting - Pitching for Tacoma HS Torchmen : RHP Miguel De La Parra
Batting: RHB Edgardo Morales 0-0: Ball
1-0: Swinging Strike
1-1: Foul Ball, location: 2F
1-2: Foul Ball, location: 2F
1-2: Foul Ball, location: 2F
1-2: Ball
2-2: Ball
3-2: Base on Balls
Batting: LHB Jack Davis 0-0: Swinging Strike
0-1: Ball
1-1: Foul Ball, location: 2F
1-2: Ball
2-2: Ball
3-2: Base on Balls
Edgardo Morales to second
Batting: RHB Simon Plante 0-0: Foul Ball, location: 2F
0-1: Foul Ball, location: 2F
0-2: Foul Ball, location: 2F
0-2: Ball
1-2: Ground out 5-3 (Groundball, 5S)
Edgardo Morales to third
Jack Davis to second
Batting: RHB Nicolas Fillion 0-0: Called Strike
0-1: Swinging Strike
0-2: Ball
1-2: Ball
2-2: Ball
Wild Pitch!
Edgardo Morales scores
Jack Davis to third
3-2: Base on Balls
Batting: RHB Preston Church 0-0: Swinging Strike
0-1: Foul Ball, location: 2F
0-2: Strikes out swinging
Batting: RHB Lorne McClain 0-0: Ball
1-0: SINGLE (Line Drive, 89S)
Jack Davis scores
Nicolas Fillion to second
Runner from 2nd tries for 3rd, SAFE, no throw or cutoff
Batting: LHB John Washington 0-0: Foul Ball, location: 2F
0-1: Called Strike
0-2: Ball
1-2: Ball
2-2: Ball
3-2: Foul Ball, location: 2F
3-2: Base on Balls
Lorne McClain to second
Batting: RHB Ben Simpson 0-0: Ball
1-0: Ball
2-0: Called Strike
2-1: Ground out 1-3 (Groundball, 23)
Bottom of the 2nd over - 2 run(s), 1 hit(s), 0 error(s), 3 left on base; Tacoma HS 0 - Overland Park HS 2
TOP OF THE 3RD
Tacoma HS Torchmen batting - Pitching for Overland Park HS Triplets : RHP Danny Anderson
Batting: RHB Scotty Sherman 0-0: Ball
1-0: Called Strike
1-1: Swinging Strike
1-2: Ball
2-2: Ball
3-2: Strikes out swinging
Batting: RHB Cristián Ortega 0-0: Swinging Strike
0-1: Called Strike
0-2: Ball
1-2: Ball
2-2: Ground out 5-3 (Groundball, 56)
Batting: RHB Dexter Wooten 0-0: Fly out, F9 (Flyball, 89M)
Top of the 3rd over - 0 run(s), 0 hit(s), 0 error(s), 0 left on base; Tacoma HS 0 - Overland Park HS 2
BOTTOM OF THE 3RD
Overland Park HS Triplets batting - Pitching for Tacoma HS Torchmen : RHP Miguel De La Parra
Batting: RHB Manuel Espinosa 0-0: Ball
1-0: Swinging Strike
1-1: Swinging Strike
1-2: Ball
2-2: Ball
3-2: Base on Balls
Batting: RHB Edgardo Morales 0-0: Ball
Wild Pitch!
Manuel Espinosa to second
1-0: Swinging Strike
1-1: Called Strike
1-2: Foul Ball, location: 2F
1-2: Foul Ball, location: 2F
1-2: Ball
2-2: Ground out 5-3 (Groundball, 5S)
Manuel Espinosa to third
Batting: LHB Jack Davis 0-0: Called Strike
0-1: Foul Ball, location: 2F
0-2: Foul Ball, location: 2F
0-2: Ball
1-2: 2-RUN HOME RUN (Flyball, 89XD), Distance : 412 ft
Pitching: RHP Loren Parker
Batting: RHB Simon Plante 0-0: Called Strike
0-1: Called Strike
0-2: Ball
1-2: Hit by Pitch
Batting: RHB Nicolas Fillion 0-0: Called Strike
0-1: Ball
1-1: Fly out, F9 (Flyball, 9D)
Batting: RHB Preston Church 0-0: Ground out 5-3 (Groundball, 5L)
Bottom of the 3rd over - 2 run(s), 1 hit(s), 0 error(s), 1 left on base; Tacoma HS 0 - Overland Park HS 4
TOP OF THE 4TH
Tacoma HS Torchmen batting - Pitching for Overland Park HS Triplets : RHP Danny Anderson
Batting: LHB Larry Estes 0-0: Ball
1-0: Called Strike
1-1: Reached on error, E3 (Groundball, 3)
Batting: RHB Millard Ferguson 0-0: Ball
1-0: Swinging Strike
1-1: Called Strike
1-2: Foul Ball, location: 2F
1-2: Ball
2-2: Ball
3-2: Base on Balls
Larry Estes to second
Batting: RHB Harold Allen 0-0: Called Strike
0-1: Ball
1-1: Fly out, F8 (Flyball, 8RM)
Batting: RHB Ray Bray 0-0: Ball
1-0: Ball
2-0: Foul Ball, location: 2F
2-1: Foul Ball, location: 2F
2-2: Foul Ball, location: 2F
2-2: Ball
3-2: Foul Ball, location: 2F
3-2: Foul Ball, location: 2F
3-2: Base on Balls
Larry Estes to third
Millard Ferguson to second
Batting: RHB Edison Jones 0-0: Ball
1-0: Called Strike
1-1: Foul Ball, location: 2F
1-2: Ball
2-2: Foul Ball, location: 2F
2-2: Fly out, F5 (Line Drive, 5)
Batting: RHB Dave MacGruder 0-0: Ball
1-0: Fly out, F8 (Flyball, 8RM)
Top of the 4th over - 0 run(s), 0 hit(s), 1 error(s), 3 left on base; Tacoma HS 0 - Overland Park HS 4
BOTTOM OF THE 4TH
Overland Park HS Triplets batting - Pitching for Tacoma HS Torchmen : RHP Loren Parker
Batting: RHB Lorne McClain 0-0: Ball
1-0: Ball
2-0: Swinging Strike
2-1: Swinging Strike
2-2: Foul Ball, location: 2F
2-2: Ball
3-2: Strikes out looking
Batting: LHB John Washington 0-0: Fly out, F6 (Line Drive, 6)
Batting: RHB Ben Simpson 0-0: Ball
1-0: Ball
2-0: Ball
3-0: Called Strike
3-1: Base on Balls
Batting: RHB Manuel Espinosa 0-0: Ball
1-0: Foul Ball, location: 2F
1-1: Swinging Strike
1-2: Strikes out swinging
Bottom of the 4th over - 0 run(s), 0 hit(s), 0 error(s), 1 left on base; Tacoma HS 0 - Overland Park HS 4
TOP OF THE 5TH
Tacoma HS Torchmen batting - Pitching for Overland Park HS Triplets : RHP Danny Anderson
Batting: RHB Scotty Sherman 0-0: Ball
1-0: Foul Ball, location: 2F
1-1: DOUBLE (Groundball, 5L)
Batting: RHB Cristián Ortega 0-0: Foul Ball, location: 2F
0-1: Ball
1-1: SINGLE (Line Drive, 8LS)
Scotty Sherman to third
Runner from 3rd tries for Home, SAFE, throw made home
Cristián Ortega to second
Batting: RHB Dexter Wooten 0-0: Ball
1-0: Fly out, F6 (Popup, 56D)
Pitching: RHP Ronald Crockett
Batting: LHB Larry Estes 0-0: Called Strike
0-1: Called Strike
0-2: Ball
1-2: Strikes out swinging
Pitching: RHP Will Shelley
Batting: RHB Millard Ferguson 0-0: Swinging Strike
0-1: Fly out, F9 (Flyball, 89M)
Top of the 5th over - 1 run(s), 2 hit(s), 0 error(s), 1 left on base; Tacoma HS 1 - Overland Park HS 4
BOTTOM OF THE 5TH
Overland Park HS Triplets batting - Pitching for Tacoma HS Torchmen : RHP Loren Parker
Batting: RHB Edgardo Morales 0-0: Ball
1-0: Ball
2-0: Reached on error, E5 (Groundball, 5)
Batting: LHB Jack Davis 0-0: Ball
1-0: Fly out, F2 (Popup, 2RF)
Batting: RHB Simon Plante 0-0: Ball
Edgardo Morales steals 2nd base
1-0: Fly out, F7 (Flyball, 7M)
Batting: RHB Nicolas Fillion 0-0: SINGLE (Line Drive, 8LS)
Edgardo Morales to third
Runner from 3rd tries for Home, SAFE, no throw or cutoff
Batting: RHB Preston Church 0-0: Ball
1-0: SINGLE (Flyball, 89S)
Nicolas Fillion to second
Batting: RHB Lorne McClain 0-0: Foul Ball, location: 2F
0-1: Swinging Strike
0-2: Ball
1-2: Foul Ball, location: 2F
1-2: Foul Ball, location: 2F
1-2: Ball
2-2: Foul Ball, location: 2F
2-2: Foul Ball, location: 2F
2-2: SINGLE (Line Drive, 9S)
Nicolas Fillion to third
Preston Church to second
Runner from 3rd tries for Home, SAFE, no throw or cutoff
Batting: LHB John Washington 0-0: Called Strike
0-1: Called Strike
0-2: Foul Ball, location: 2F
0-2: Strikes out swinging
Bottom of the 5th over - 2 run(s), 3 hit(s), 1 error(s), 2 left on base; Tacoma HS 1 - Overland Park HS 6
TOP OF THE 6TH
Tacoma HS Torchmen batting - Pitching for Overland Park HS Triplets : RHP Will Shelley
Batting: RHB Harold Allen 0-0: Ball
1-0: Swinging Strike
1-1: SINGLE (Groundball, 23) (infield hit)
Batting: RHB Ray Bray 0-0: Foul Ball, location: 2F
0-1: Ball
1-1: Ball
2-1: SINGLE (Groundball, 6)
Harold Allen to second
Batting: RHB Edison Jones 0-0: Ball
1-0: Called Strike
1-1: DOUBLE (Line Drive, 9LS)
Harold Allen scores
Ray Bray to third
Batting: RHB Dave MacGruder 0-0: Ball
1-0: Foul Ball, location: 2F
1-1: Ground out 6-3 (Groundball, 6M)
Ray Bray scores
Edison Jones to third
Batting: RHB Scotty Sherman 0-0: Called Strike
0-1: Foul Ball, location: 2F
0-2: Ball
1-2: Foul Ball, location: 2F
1-2: Foul Ball, location: 2F
1-2: Ball
2-2: Ball
3-2: Fly out, F4 (Popup, 3D)
Batting: RHB Cristián Ortega 0-0: Ball
1-0: Called Strike
1-1: SINGLE (Groundball, 56)
Edison Jones scores
Pitching: RHP Rafael Luna
Batting: RHB Dexter Wooten 0-0: Foul Ball, location: 2F
0-1: Ball
1-1: Swinging Strike
1-2: Ball
2-2: Fly out, F4 (Line Drive, 4)
Top of the 6th over - 3 run(s), 4 hit(s), 0 error(s), 1 left on base; Tacoma HS 4 - Overland Park HS 6
BOTTOM OF THE 6TH
Overland Park HS Triplets batting - Pitching for Tacoma HS Torchmen : RHP Loren Parker
Batting: RHB Ben Simpson 0-0: Called Strike
0-1: Ball
1-1: Ball
2-1: Ball
3-1: Bunted foul
3-2: Foul Ball, location: 2F
3-2: Foul Ball, location: 2F
3-2: Foul Ball, location: 2F
3-2: Foul Ball, location: 2F
3-2: Fly out, F7 (Line Drive, 7D)
Pitching: RHP Ken Henry
Batting: RHB Manuel Espinosa 0-0: Called Strike
0-1: Ball
1-1: Ball
2-1: Ball
3-1: Foul Ball, location: 2F
3-2: Base on Balls
Batting: RHB Edgardo Morales 0-0: Called Strike
0-1: Grounds into double play, 6-4-3 (Groundball, 6)
Bottom of the 6th over - 0 run(s), 0 hit(s), 0 error(s), 0 left on base; Tacoma HS 4 - Overland Park HS 6
TOP OF THE 7TH
Tacoma HS Torchmen batting - Pitching for Overland Park HS Triplets : RHP Rafael Luna
Batting: LHB Larry Estes 0-0: Called Strike
0-1: Ball
1-1: Foul Ball, location: 2F
1-2: Strikes out swinging
Batting: RHB Millard Ferguson 0-0: DOUBLE (Flyball, 8RD)
Batting: RHB Harold Allen 0-0: Ball
1-0: Ball
2-0: Ball
3-0: Base on Balls
Pinch Runner at 2nd Kel Turner:
Batting: RHB Ray Bray 0-0: Foul Ball, location: 2F
0-1: Called Strike
0-2: Ball
1-2: Foul Ball, location: 2F
1-2: Ball
2-2: Ball
3-2: DOUBLE (Line Drive, 8LS)
Kel Turner scores
Harold Allen to third
Batting: RHB Edison Jones 0-0: Swinging Strike
0-1: Swinging Strike
0-2: Ball
1-2: Ball
2-2: Strikes out looking
Pinch Hitting: LHB Geoffrey Poole 0-0: Swinging Strike
0-1: Ball
1-1: Foul Ball, location: 2F
1-2: Ball
2-2: Ball
Wild Pitch!
Harold Allen scores
Ray Bray to third
3-2: Foul Ball, location: 2F
3-2: Base on Balls
Batting: RHB Scotty Sherman 0-0: Called Strike
0-1: Ball
1-1: Ball
2-1: Swinging Strike
2-2: Foul Ball, location: 2F
2-2: Ball
3-2: Foul Ball, location: 2F
3-2: Base on Balls
Geoffrey Poole to second
Batting: RHB Cristián Ortega 0-0: SINGLE (Line Drive, 9LS)
Ray Bray scores
Geoffrey Poole to third
Scotty Sherman to second
Runner from 3rd tries for Home, SAFE, throw made home
Scotty Sherman to third
Cristián Ortega to second
Pitching: RHP Jeffery Mills
Batting: RHB Dexter Wooten 0-0: Ball
1-0: Ball
2-0: Called Strike
2-1: Ball
3-1: Foul Ball, location: 2F
3-2: 3-RUN HOME RUN (Flyball, 7D), Distance : 392 ft
Batting: LHB Larry Estes 0-0: Ball
1-0: Ball
2-0: Foul Ball, location: 2F
2-1: Foul Ball, location: 2F
2-2: Ball
3-2: Base on Balls
Batting: RHB Kel Turner 0-0: Called Strike
0-1: Swinging Strike
0-2: Strikes out looking
Top of the 7th over - 7 run(s), 4 hit(s), 0 error(s), 1 left on base; Tacoma HS 11 - Overland Park HS 6
BOTTOM OF THE 7TH
Overland Park HS Triplets batting - Pitching for Tacoma HS Torchmen : RHP Ken Henry
Now at 3B: Terry Ives
Now at SS: Geoffrey Poole
Batting: LHB Jack Davis 0-0: Called Strike
0-1: Called Strike
0-2: Strikes out swinging
Batting: RHB Simon Plante 0-0: Ball
1-0: Fly out, F2 (Popup, 2LF)
Batting: RHB Nicolas Fillion 0-0: Called Strike
0-1: Foul Ball, location: 2F
0-2: Strikes out looking
Bottom of the 7th over - 0 run(s), 0 hit(s), 0 error(s), 0 left on base; Tacoma HS 11 - Overland Park HS 6
TOP OF THE 8TH
Tacoma HS Torchmen batting - Pitching for Overland Park HS Triplets : RHP Jeffery Mills
Batting: RHB Harold Allen 0-0: Called Strike
0-1: Called Strike
0-2: Ball
1-2: Foul Ball, location: 2F
1-2: SINGLE (Groundball, 56D)
Batting: RHB Ray Bray 0-0: Called Strike
0-1: Foul Ball, location: 2F
0-2: Foul Ball, location: 2F
0-2: Ball
1-2: Ball
2-2: Foul Ball, location: 2F
2-2: Ball
3-2: Fielders Choice at 2nd, 1-4 (Groundball, 15)
Batting: RHB Edison Jones 0-0: Ball
1-0: Ball
2-0: Called Strike
2-1: SINGLE (Line Drive, 56)
Ray Bray to second
Batting: LHB Geoffrey Poole 0-0: Ball
1-0: Ball
2-0: Foul Ball, location: 2F
2-1: Grounds into double play, 4-6-3 (Groundball, 4)
Top of the 8th over - 0 run(s), 2 hit(s), 0 error(s), 1 left on base; Tacoma HS 11 - Overland Park HS 6
BOTTOM OF THE 8TH
Overland Park HS Triplets batting - Pitching for Tacoma HS Torchmen : RHP Ken Henry
Batting: RHB Preston Church 0-0: Ball
1-0: Foul Ball, location: 2F
1-1: Ball
2-1: Ball
3-1: Base on Balls
Batting: RHB Lorne McClain 0-0: Called Strike
0-1: Fielders Choice at 2nd, 5-4 (Groundball, 56)
Pitching: RHP Anthony Adams
Batting: LHB John Washington 0-0: 2-RUN HOME RUN (Flyball, 78XD), Distance : 416 ft
Batting: RHB Ben Simpson 0-0: Swinging Strike
0-1: Ball
1-1: Foul Ball, location: 2F
1-2: Ball
2-2: Foul Ball, location: 2F
2-2: Ball
3-2: Strikes out swinging
Batting: RHB Manuel Espinosa 0-0: Called Strike
0-1: Foul Ball, location: 2F
0-2: Ball
1-2: Ball
2-2: Strikes out swinging
Bottom of the 8th over - 2 run(s), 1 hit(s), 0 error(s), 0 left on base; Tacoma HS 11 - Overland Park HS 8
TOP OF THE 9TH
Tacoma HS Torchmen batting - Pitching for Overland Park HS Triplets : RHP Jeffery Mills
Batting: RHB Scotty Sherman 0-0: Foul Ball, location: 2F
0-1: Foul Ball, location: 2F
0-2: Strikes out looking
Batting: RHB Cristián Ortega 0-0: Ball
1-0: Foul Ball, location: 2F
1-1: Ball
2-1: Ball
3-1: Base on Balls
Pitching: RHP Nacho Ortíz
Batting: RHB Dexter Wooten 0-0: Called Strike
0-1: Ball
1-1: Ball
Cristián Ortega steals 2nd base
2-1: Foul Ball, location: 2F
2-2: DOUBLE (Line Drive, 89M)
Cristián Ortega scores
Batting: LHB Larry Estes 0-0: Intentional Walk
Batting: LHB Terry Ives 0-0: Ball
1-0: Fly out, F4 (Popup, 34D)
Batting: RHB Harold Allen 0-0: Called Strike
0-1: Ball
1-1: Ball
2-1: Swinging Strike
2-2: Ball
3-2: Base on Balls
Dexter Wooten to third
Larry Estes to second
Batting: RHB Ray Bray 0-0: Foul Ball, location: 2F
0-1: Foul Ball, location: 2F
0-2: Ball
1-2: Foul Ball, location: 2F
1-2: Strikes out swinging
Top of the 9th over - 1 run(s), 1 hit(s), 0 error(s), 3 left on base; Tacoma HS 12 - Overland Park HS 8
BOTTOM OF THE 9TH
Overland Park HS Triplets batting - Pitching for Tacoma HS Torchmen : RHP Anthony Adams
Batting: RHB Edgardo Morales 0-0: Ball
1-0: SINGLE (Line Drive, 34)
Batting: LHB Jack Davis 0-0: Ball
1-0: Ball
2-0: Ball
3-0: Swinging Strike
3-1: Base on Balls
Edgardo Morales to second
Pitching: RHP Howard Buchanan
Batting: RHB Simon Plante 0-0: SINGLE (Line Drive, 78S)
Edgardo Morales to third
Jack Davis to second
Batting: RHB Nicolas Fillion 0-0: Called Strike
0-1: Ball
1-1: Ball
2-1: Swinging Strike
2-2: Ball
3-2: SINGLE (Groundball, 15S) (infield hit)
Edgardo Morales scores
Jack Davis to third
Simon Plante to second
Pinch Hitting: RHB Jesús Arévalo 0-0: Ball
1-0: Called Strike
1-1: Called Strike
1-2: Strikes out swinging
Pinch Hitting: RHB T.J. Kaufman 0-0: Ball
1-0: Foul Ball, location: 2F
1-1: Ball
2-1: Fly out, F4 (Popup, 34D)
Batting: LHB John Washington 0-0: Ball
1-0: Swinging Strike
1-1: Ball
2-1: Fly out, F8 (Flyball, 8LM)
Bottom of the 9th over - 1 run(s), 3 hit(s), 0 error(s), 3 left on base; Tacoma HS 12 - Overland Park HS 9
Monday, December 5th, 2016 - OOTP Baseball 17.12 Build 75